 Dungeon Crawl Stone Soup version 0.28-a0-612-gcfc00ec14d (webtiles) character file.

Game seed: 11147099907435638316

122 siradein the Ruffian (level 4, -1/37 HPs)
             Began as a Draconian Transmuter on Oct 6, 2021.
             Slain by an ice beast (7 damage)
             ... on level 2 of the Dungeon.
             The game lasted 00:09:55 (3298 turns).

siradein the Ruffian (Draconian Transmuter)         Turns: 3298, Time: 00:09:55

Health: -1/37      AC:  2    Str: 13    XL:     4   Next: 78%
Magic:  3/8        EV: 19    Int: 14    God:
Gold:   106        SH:  0    Dex: 16    Spells: 2/8 levels left

rFire   . . .      SeeInvis .     - Unarmed
rCold   . . .      Faith    .   (shield currently unavailable)
rNeg    . . .      Spirit   .   (armour unavailable)
rPois   x          Reflect  .   (helmet currently unavailable)
rElec   .          Harm     .   (cloak currently unavailable)
rCorr   .          Rampage  .   (gloves currently unavailable)
Will    .....                   (boots currently unavailable)
Stlth   +.........              (no amulet)
HPRegen 0.12/turn               (no ring)
MPRegen 0.11/turn               (no ring)

@: spider-form
A: venomous fangs, AC +5, tiny, unfitting armour, (cold-blooded)
a: End Transformation


You were on level 2 of the Dungeon.
You were a venomous arachnid creature.
You visited 1 branch of the dungeon, and saw 3 of its levels.

You collected 106 gold pieces.

Inventory:

Missiles
 f - 4 javelins
 n - 15 poisoned darts
Jewellery
 p - a +4 ring of evasion
Scrolls
 a - a scroll of vulnerability {unknown}
 b - a scroll of amnesia {unknown}
 c - a scroll of noise {unknown}
 e - a scroll of fog
 g - a scroll of immolation {unknown}
 h - a scroll of magic mapping {unknown}
 i - a scroll of enchant weapon {unknown}
 j - a scroll of fear
 m - a scroll of enchant armour
 o - a scroll of acquirement {unknown}
Potions
 d - a potion of curing {unknown}
 k - a potion of lignification {unknown}
 l - a potion of might {unknown}


   Skills:
 + Level 2.3 Fighting
 + Level 2.6 Dodging
 + Level 3.6 Unarmed Combat
 + Level 2.6 Spellcasting
 + Level 2.8 Transmutations


You had 2 spell levels left.
You knew the following spells:

 Your Spells              Type           Power      Damage    Failure   Level
a - Beastly Appendage     Tmut           18%        N/A       19%         1
b - Wereblood             Tmut           9%         N/A       26%         2
c - Spider Form           Tmut/Pois      2%         N/A       58%         3

Your spell library contained the following spells:

 Spells                   Type           Power      Damage    Failure   Level
 Ice Form                 Ice/Tmut       5%         N/A       90%         4


Dungeon Overview and Level Annotations

Branches:
Dungeon (3/15)

Altars:


Innate Abilities, Weirdness & Mutations

You are a venomous arachnid creature.
You have poisonous fangs.
You are tiny and dextrous.
Your spellcasting is less reliable in this form.
Your armour is entirely melded.
You are incapable of wielding weapons or throwing items.
((Your plain brown scales are hard. (AC +5)))
You cannot fit into any form of body armour.
((You are cold-blooded and may be slowed by cold attacks.))


Message History

Your transformation is almost over.
An ice beast is nearby!
An ice beast is nearby!
An ice beast is nearby!
An ice beast is nearby!
An ice beast is nearby!
Your horns disappear.
Your talons disappear.
Casting: Beastly Appendage (safe; 7% risk of failure)
Confirm with . or Enter, or press ? or * to list all spells.
The spell is quite dangerous to cast (36% risk of failure)!
Continue anyway?
You miscast Spider Form.
You are very lightly contaminated with residual magic.
Nothing appears to happen.
Casting: Spider Form (quite dangerous; 36% risk of failure)
Confirm with . or Enter, or press ? or * to list all spells.
The spell is quite dangerous to cast (36% risk of failure)!
Continue anyway?
You miscast Spider Form.
Nothing appears to happen.
The ice beast hits you but does no damage.
The ice beast barely misses you.
Your magical contamination has completely faded away.
There is a stone staircase leading up here.
The ice beast barely misses you.
You climb upwards.
There is a stone staircase leading down here.
Casting: Spider Form (quite dangerous; 36% risk of failure)
Confirm with . or Enter, or press ? or * to list all spells.
The spell is quite dangerous to cast (36% risk of failure)!
Continue anyway?
You turn into a venomous arachnid creature.
The ice beast misses you.
You hit the ice beast but do no damage. The ice beast hits you.
The ice beast freezes you!
You barely miss the ice beast. The ice beast hits you.
The ice beast freezes you!
* * * LOW HITPOINT WARNING * * *
You hit the ice beast.
The ice beast is lightly wounded.
The ice beast hits you.
* * * LOW HITPOINT WARNING * * *
The ice beast freezes you!
You die...

##...#.....# ###########.#.#
##...##.#..# #.#.# #.......#..#
#.#.# #..........# #.#.#
#..#.#####.# #)#.# ..†#.......#
#.#.# ##.########### #.#.#
##......>....#############.#.####
...............Ys.............)..
#####.#......#############.#.####
#.#####..........#######.#
#####.# #...................##
......# #...#....##.....†....#
###...####..........#......##.#
...............###.##.####.##.###
#.#...####..#....................
#.#...####.........#..#.##.##.###


You could see an ice beast.

Vanquished Creatures
  A bullfrog skeleton (D:3)
  2 adders (D:2)
  2 worms (D:2)
  2 dart slugs
  3 orcs (D:3)
  3 ball pythons
  5 bats
  6 endoplasms
  2 giant cockroaches
  5 goblins
  4 hobgoblins
  6 jackals (D:1)
  3 quokkas
  2 frilled lizards
  4 kobolds
  7 rats
57 creatures vanquished.

Notes
Turn   | Place    | Note
-------+----------+-------------------------------------------
     0 | D:1      | siradein the Draconian Transmuter began the quest for the
                  | Orb.
     0 | D:1      | Reached XP level 1. HP: 16/16 MP: 3/3
   458 | D:1      | Reached XP level 2. HP: 23/23 MP: 3/5
   461 | D:1      | Learned a level 2 spell: Wereblood
   990 | D:1      | Reached XP level 3. HP: 29/29 MP: 4/6
  1050 | D:1      | Learned a level 3 spell: Spider Form
  1238 | D:1      | Found a faded altar of an unknown god.
  2284 | D:2      | Reached XP level 4. HP: 25/36 MP: 4/7
  2933 | D:3      | Noticed an ice beast
  3298 | D:2      | Slain by an ice beast

Illustrated notes

Levels and vault maps discovered:
D:1:      dpeg_arrival_windows_large_door, layout_loops_ring,
          hellmonk_ecumenical_altar_leap_of_faith, amcnicky_mini_pool_small
D:2:      layout_basic
D:3:      layout_loops_ring

Skill      XL: |  1  2  3 |
---------------+----------+-----
Dodging        | 2 |  2.6
Fighting       | 2 |  2.3
Unarmed Combat | |  3.6
Spellcasting   | |  2.6
Transmutations | |  2.8

Action                   |  1- 3 |  4- 6 || total
-------------------------+-------+-------++-------
Melee: Unarmed           |   128 |    67 ||   195
       Kick              |    20 |    12 ||    32
       Headbutt          |    10 |     2 ||    12
       Tailslap          |     9 |     5 ||    14
       Punch             |     1 |     1 ||     2
 Cast: Beastly Appendage |    31 |     7 ||    38
       Wereblood         |     1 |     2 ||     3
       Spider Form       |       |     1 ||     1
  Use: Scroll            |       |     3 ||     3
Armor: Skin              |    42 |    21 ||    63
Dodge: Dodged            |    72 |    44 ||   116

Table legend: (Time is in decaauts)
 A = Elapsed time spent in this place.
 B = Non-inter-level travel time spent in this place.
 C = Inter-level travel time spent in this place.
 D = Time resting spent in this place.
 E = Time spent auto-exploring this place.
 F = Levels seen in this place.
 G = Mean time per level.
                   A        B        C        D        E       F      G
               +--------+--------+--------+--------+--------+-----+--------+
         Total |   3298 |   3221 |     77 |     50 |   2671 |   3 | 1099.3 |
       Dungeon |   3298 |   3221 |     77 |     50 |   2671 |   3 | 1099.3 |
               +--------+--------+--------+--------+--------+-----+--------+

Top non-repeatable levels by time:
     D:2: 1712 daAuts
     D:1: 1300 daAuts
     D:3: 286 daAuts
